 Dungeon Crawl Stone Soup version 0.29.1-2-gbd0b4ee654 (webtiles) character file.

Game seed: 8020022107537736539

826 Anriel the Slasher (level 7, -10/52 HPs)
             Began as a Demonspawn Gladiator on Nov 28, 2022.
             Killed by divine providence
             ... invoked by an orc priest
              (12 damage)
             ... on level 5 of the Dungeon.
             The game lasted 00:28:46 (4873 turns).

Anriel the Slasher (Demonspawn Gladiator)           Turns: 4873, Time: 00:28:47

Health: -10/52     AC: 11    Str: 24    XL:     7   Next: 64%
Magic:  7/7        EV: 12    Int: 10    God:
Gold:   77         SH:  0    Dex: 14    Spells: 6/6 levels left

rFire   + . .      SeeInvis .   a - +1 long sword (vamp)
rCold   + . .      Faith    .   (no shield)
rNeg    . . .      Spirit   .   j - +4 ring mail
rPois   .          Reflect  .   t - +0 helmet
rElec   +          Harm     .   (no cloak)
rCorr   +          Rampage  .   (no gloves)
Will    .....                   (no boots)
Stlth   +.........              (no amulet)
HPRegen 0.17/turn               o - ring of protection from cold
MPRegen 0.20/turn               b - ring "Ohoacoal" {rElec rF+ rCorr Str+8}

@: no status effects
A: hooves 2, icemail 2, magic regeneration, condensation shield
a: no special abilities


You were on level 5 of the Dungeon.
You visited 1 branch of the dungeon, and saw 5 of its levels.
You also visited: Sewer.

You collected 215 gold pieces.
You spent 138 gold pieces at shops.

Inventory:

Hand Weapons
 a - a +1 vampiric long sword (weapon)
 k - a +0 sling
Missiles
 d - 3 throwing nets
Armour
 c - a +2 buckler
 j - a +4 ring mail (worn)
 t - a +0 helmet (worn)
 x - a +1 scale mail of poison resistance
Jewellery
 b - the ring "Ohoacoal" (right hand) {rElec rF+ rCorr Str+8}
   (You acquired it on level 2 of the Dungeon)

   [ring of protection from fire]

   Str:       It affects your strength (+8).
   rF:        It protects you from fire.
   rElec:     It insulates you from electricity.
   rCorr:     It protects you from acid and corrosion.
 i - a +6 ring of intelligence
 l - a ring of ice
 o - a ring of protection from cold (left hand)
Wands
 u - a wand of iceblast (5)
 v - a wand of light (5) (quivered)
Scrolls
 e - 3 scrolls of immolation
 g - a scroll of butterflies
 s - 3 scrolls of teleportation
Potions
 f - a potion of curing
 h - 3 potions of mutation
 n - 2 potions of brilliance
 p - 2 potions of haste
 q - 2 potions of magic
 r - a potion of heal wounds {unknown}
 w - 2 potions of cancellation
 z - a potion of resistance {unknown}
 A - a potion of invisibility {unknown}


   Skills:
 + Level 3.3 Fighting
 + Level 5.1 Long Blades
 - Level 3.0 Throwing
 * Level 3.7 Armour
 + Level 3.7 Dodging
 + Level 0.7 Shields
 * Level 2.3 Evocations


You had 6 spell levels left.
You didn't know any spells.
Your spell library contained the following spells:

 Spells                   Type           Power      Damage    Failure   Level
 Foxfire                  Conj/Fire      0%         2x1d4     50%         1
 Blink                    Tloc           0%         N/A       65%         2
 Conjure Flame            Conj/Fire      0%         6-21      86%         3
 Inner Flame              Hex/Fire       0%         N/A       86%         3
 Lesser Beckoning         Tloc           0%         N/A       86%         3
 Flame Wave               Conj/Fire      0%         2d4       99%         4
 Manifold Assault         Tloc           0%         N/A       100%        5


Dungeon Overview and Level Annotations

Branches:
Dungeon (5/15)              Sewer (visited)
 Temple: D:4-7

Altars:
Okawaru
Trog
Uskayaw

Shops:
D:1 ?

Annotations:
D:4 Eustachio


Innate Abilities, Weirdness & Mutations

You have hoof-like feet.
A meltable icy envelope protects you from harm. (AC +0)
You regenerate magic rapidly.
A meltable shield of frost defends you. (SH +0)


Message History

The puff of flame hits you but does no damage.
Your icy defenses dissipate!
A magic dart appears from out of thin air!
The magic dart hits you.
The orc priest mumbles some strange prayers to Beogh against you.
The orc priest looks satisfied for a moment.
A magic dart appears from out of thin air!
The magic dart hits you but does no damage.
Aiming: Bolt of Light
Press: ? - help, Q - select action, (/) - cycle Shift-Dir - straight line, f - orc priest
Aim: an orc priest, wielding a +0 dagger and wearing a +0 leather armour (lightly wounded, 71% to hit)
The bolt of light hits something!
Reactivating autopickup.
You feel a bit more experienced.
The bolt of light misses the orc priest.
Aiming: Bolt of Light
Press: ? - help, Q - select action, (/) - cycle Shift-Dir - straight line, f/p - orc priest
Aim: an orc priest, wielding a +0 dagger and wearing a +0 leather armour (lightly wounded, 71% to hit)
The bolt of light hits the orc priest!
The orc priest is heavily wounded.
The orc priest is blinded.
You closely miss the orc priest. Your kick misses the orc priest.
The orc priest is heavily wounded.
The orc priest invokes the aid of Beogh against you.
Pain shoots through your body!
* * * LOW HITPOINT WARNING * * *
The gnoll sergeant misses you. The orc priest closely misses you.
You hit the orc priest.
You feel better.
You kick the orc priest.
The orc priest is almost dead.
The orc priest mumbles some strange prayers to Beogh against you.
Pain shoots through your body!
* * * LOW HITPOINT WARNING * * *
The gnoll sergeant hits you from afar with a +0 spear.
* * * LOW HITPOINT WARNING * * *
You feel better.
The gnoll sergeant hits you from afar with a +0 spear!
* * * LOW HITPOINT WARNING * * *
The orc priest mumbles some strange prayers to Beogh against you.
Beogh smites you!
You die... ###~~##'.# .......# '~~~~~รท#.# ...... '~~~~~~#.# ..o.# ###~~##'.# ogg

#.####..## #o#
.......## #g#
..###### #g# #.#
#o# #.# #@####
#.### #....# ....#
####.# ..#.# #.#
###.# #.# #.# #.#
#.# #.# #.# #.#
#.###############.#


You could see a gnoll sergeant, an orc priest (blind), 3 gnolls and 3 orcs.

Vanquished Creatures
  2 kobold brigands (Sewer)
  3 hounds
  A jelly (D:5)
  An orc priest (D:4)
  An iguana (D:4)
  3 orc wizards
  Natasha (thrice) (D:2)
  Robin (D:4)
  7 river rats (Sewer)
  11 adders
  A shadow imp (D:4)
  2 worms
  9 dart slugs
  11 orcs
  10 endoplasms
  4 giant cockroaches
  15 goblins
  10 hobgoblins
  8 jackals
  3 quokkas
  14 ball pythons
  4 bats
  6 frilled lizards
  18 kobolds
  28 rats
176 creatures vanquished.

Vanquished Creatures (others)
  An orc wizard (D:4)
  An orc (D:4)
2 creatures vanquished.

Grand Total: 178 creatures vanquished

Notes
Turn   | Place    | Note
-------+----------+-------------------------------------------
     0 | D:1      | Anriel the Demonspawn Gladiator began the quest for the
                  | Orb.
     0 | D:1      | Reached XP level 1. HP: 16/16 MP: 1/1
    30 | D:1      | Found Gaqisk's Magic Scroll Boutique.
   109 | D:1      | Reached skill level 3 in Long Blades
   109 | D:1      | Gained mutation: You have large cloven feet. [demonic
                  | ancestry]
   109 | D:1      | Reached XP level 2. HP: 22/22 MP: 2/2
   615 | D:1      | Gained mutation: A meltable shield of frost defends you.
                  | (SH +0) [demonic ancestry]
   615 | D:1      | Reached XP level 3. HP: 27/27 MP: 3/3
   675 | D:1      | Bought a scroll of identify for 24 gold pieces
   675 | D:1      | Bought a scroll of identify for 24 gold pieces
   794 | D:2      | Noticed Natasha
   807 | D:2      | Killed Natasha
   808 | D:2      | Reached skill level 1 in Armour
  1026 | D:2      | Gained mutation: You regenerate magic rapidly. [demonic
                  | ancestry]
  1026 | D:2      | Reached XP level 4. HP: 33/33 MP: 4/4
  1026 | D:2      | Noticed Natasha
  1037 | D:2      | Killed Natasha
  1081 | D:2      | Found a bloodstained altar of Trog.
  1490 | D:2      | Noticed Natasha
  1499 | D:2      | Killed Natasha
  1510 | D:2      | Identified a scroll of acquirement
  1510 | D:2      | Acquired the ring "Ohoacoal" {rElec rF+ rCorr Str+8}
  1701 | D:3      | Gained mutation: You have hoof-like feet. [demonic
                  | ancestry]
  1701 | D:3      | Reached XP level 5. HP: 35/39 MP: 5/5
  2761 | D:4      | Noticed Robin
  2799 | D:4      | Killed Robin
  2882 | D:4      | Gained mutation: A meltable icy envelope protects you from
                  | harm. (AC +0) [demonic ancestry]
  2882 | D:4      | Reached XP level 6. HP: 44/46 MP: 6/6
  3093 | D:4      | Reached skill level 4 in Long Blades
  3170 | D:4      | Found a hide-covered altar of Uskayaw.
  3171 | D:4      | Noticed Eustachio
  3285 | D:4      | Found a bloodstained altar of Trog.
  3286 | D:4      | Found an iron altar of Okawaru.
  3430 | D:4      | Reached skill level 1 in Evocations
  3736 | D:1      | Bought a scroll of enchant weapon for 90 gold pieces
  3854 | D:5      | Entered Level 5 of the Dungeon
  3965 | D:5      | Gained mutation: A meltable icy envelope protects you from
                  | harm. (AC +0) [demonic ancestry]
  3965 | D:5      | Reached XP level 7. HP: 42/51 MP: 7/7
  4084 | D:5      | Found a glowing drain.
  4088 | Sewer    | Entered a sewer
  4406 | Sewer    | Reached skill level 5 in Long Blades
  4873 | D:5      | HP: 2/52 [gnoll sergeant/+0 spear (8)]
  4873 | D:5      | Killed from afar by an orc priest

Illustrated notes

Levels and vault maps discovered:
D:1:      dpeg_arrival_radiant, layout_basic, serial_shops,
          nicolae_shop_hallway_stairs, nicolae_titane
D:2:      layout_loops_cross, basic_altar, uniq_natasha
D:3:      kennysheep_slugbush, layout_basic
D:4:      minmay_inner_zag, layout_loops_ring, nicolae_overflow_hidden_temple,
          uniq_robin, uniq_eustachio
D:5:      layout_basic, minmay_temple_entry_junction, gup_sewer_entry_bowl

Skill      XL: |  1  2  3  4  5  6  7 |
---------------+----------------------+-----
Long Blades    | 3 4 5 |  5.1
Dodging        | 3 |  3.7
Throwing       | 2 3 |  3.0
Armour         | 1 2 3 |  3.7
Evocations     | 1 2 |  2.3
Fighting       | 3 |  3.3
Shields        | |  0.7

Action                   |  1- 3 |  4- 6 |  7- 9 || total
-------------------------+-------+-------+-------++-------
Melee: Long sword        |    66 |   208 |   181 ||   455
       Kick              |    10 |    51 |    39 ||   100
       Punch             |       |     4 |       ||     4
Throw: Javelin           |    23 |     1 |       ||    24
       Boomerang         |       |    42 |       ||    42
       Throwing net      |       |     6 |       ||     6
Evoke: Wand              |       |       |     2 ||     2
  Use: Scroll            |       |    21 |     1 ||    22
       Potion            |       |       |     2 ||     2
 Stab: Held in net/web   |       |     1 |       ||     1
Armor: Ring mail         |    20 |    71 |   101 ||   192
       Leather armour    |     2 |       |       ||     2
Dodge: Dodged            |    41 |   114 |   104 ||   259
Block: Other             |     5 |    21 |    31 ||    57
